 Dungeon Crawl Stone Soup version 0.30.1-4-g462c640d31 (webtiles) character file.

Game seed: 15273948774203527618

4691 Danienth the Magician (level 10, -2/73 (74) HPs)
             Began as a Demonspawn Necromancer on Sept 16, 2023.
             Was an Elder of Ashenzari.
             Succumbed to their own poison gas
             ... on level 9 of the Dungeon on Sept 17, 2023.
             The game lasted 01:12:45 (10277 turns).

Danienth the Magician (Demonspawn Necromancer)     Turns: 10277, Time: 01:12:46

HP:   -2/73 (74)    AC:  5    Str: 13    XL:     10   Next: 21%
MP:   9/21          EV: 20    Int: 16    God:    Ashenzari [****..]
Gold: 552           SH:  5    Dex: 14    Spells: 16/24 levels left

rFire   . . .        o - +4 quarterstaff of the Esoteric Planets {chaos, Melee, Bglg} (curse)
rCold   . . .        (shield currently unavailable)
rNeg    . . .        a - +0 robe "Vision of Ashenzari" {Comp, Cun} (curse)
rPois   .            (helmet unavailable)
rElec   .            w - +2 cloak "Gaze Upon Infinity" {Range, Melee} (curse)
rCorr   .            (no gloves)
SInv    +            (no boots)
Will    .....        t - amulet of the Unyielding Gaze {Reflect SH+5, Range, Melee} (curse)
Stlth   +++          (no ring)
HPRegen 0.32/turn    p - ring "Enlightened Sorrow" {EV+5, Melee, Bglg} (curse)
MPRegen 0.34/turn

%: reflection, clarity, guardian spirit
@: lethally poisoned (-2 -> -36), lightly drained
A: horns 3, foul stench 1, magic shield, magic regeneration
a: Renounce Religion, Curse Item, Shatter the Chains


You were on level 9 of the Dungeon.
You worshipped Ashenzari.
Ashenzari was greatly pleased with you.
You visited 2 branches of the dungeon, and saw 10 of its levels.
You also visited: Sewer.

You collected 552 gold pieces.

Inventory:

Hand Weapons
 h - a +2 spear of distortion
 l - a +1 dagger
 o - the cursed +4 quarterstaff of the Esoteric Planets (weapon) {chaos, Melee, Bglg}
   (You took it off Crazy Yiuf on level 2 of the Dungeon)

   It has a curse which improves the following skills: Melee Combat: Short
   Blades, Long Blades, Axes, Maces & Flails, Polearms, Staves and Unarmed
   Combat.
   Beguiling: Conjurations, Hexes and Translocations.
 C - a +2 short sword of flaming
 E - a +2 dagger of speed
Missiles
 e - 6 boomerangs (quivered)
 g - a curare-tipped dart
 A - 37 poisoned darts
 D - 5 silver javelins
 R - 6 javelins
Armour
 a - the cursed +0 robe "Vision of Ashenzari" (worn) {Comp, Cun}

   It has a curse which improves the following skills: Companions: Summonings
   and Necromancy.
   Cunning:   Dodging and Stealth.
 w - the cursed +2 cloak "Gaze Upon Infinity" (worn) {Range, Melee}
   (You took it off Crazy Yiuf on level 2 of the Dungeon)

   It has a curse which improves the following skills: Ranged Combat: Ranged
   Weapons and Throwing.
   Melee Combat: Short Blades, Long Blades, Axes, Maces & Flails, Polearms,
   Staves and Unarmed Combat.
 B - a +2 robe
 J - a +2 buckler
 N - a +0 leather armour of fire resistance
 P - a +4 ring mail
Jewellery
 p - the cursed ring "Enlightened Sorrow" (right hand) {EV+5, Melee, Bglg}
   (You found it on level 2 of the Dungeon)

   [ring of evasion]

   EV:        It affects your evasion (+5).
   It has a curse which improves the following skills: Melee Combat: Short
   Blades, Long Blades, Axes, Maces & Flails, Polearms, Staves and Unarmed
   Combat.
   Beguiling: Conjurations, Hexes and Translocations.
 t - the cursed amulet of the Unyielding Gaze (around neck) {Reflect SH+5, Range, Melee}
   (You acquired it on level 4 of the Dungeon)

   [amulet of reflection]

   It reflects blocked missile attacks.
   SH:        It affects your SH (+5).
   It has a curse which improves the following skills: Ranged Combat: Ranged
   Weapons and Throwing.
   Melee Combat: Short Blades, Long Blades, Axes, Maces & Flails, Polearms,
   Staves and Unarmed Combat.
 u - a ring of flight
Wands
 b - a wand of roots (5)
 k - a wand of light (8)
 y - a wand of polymorph (9)
 L - a wand of mindburst (36)
Scrolls
 d - 3 scrolls of vulnerability
 f - 2 scrolls of fear
 j - 2 scrolls of blinking
 n - a scroll of enchant armour
 q - 8 scrolls of identify
 r - 3 scrolls of immolation
 s - 2 scrolls of fog
 z - 2 scrolls of magic mapping
 F - a scroll of noise
 K - a scroll of teleportation
 M - a scroll of enchant weapon
Potions
 x - 3 potions of flight
 H - 3 potions of brilliance


   Skills:
 * Level 5.1 Fighting
 + Level 5.9(10.1) Staves
 - Level 1.5(3.3) Throwing
 - Level 3.0 Armour
 + Level 4.9(6.6) Dodging
 + Level 4.5(6.3) Stealth
 - Level 1.1 Shields
 * Level 7.6 Spellcasting
 - Level 6.2(8.0) Necromancy
 + Level 3.0 Evocations


You had 16 spell levels left.
You knew the following spells:

 Your Spells              Type           Power      Damage    Failure   Level
a - Necrotise             Necr           100%       1d9       1%          1
b - Vampiric Draining     Necr           31%        2d8       1%          3
c - Animate Dead          Necr           31%        N/A       4%          4

Your spell library contained the following spells:

 Spells                   Type           Power      Damage    Failure   Level
 Agony                    Necr           31%        N/A       12%         5
 Blink                    Tloc           14%        N/A       16%         2
 Lesser Beckoning         Tloc           14%        N/A       16%         2
 Momentum Strike          Conj/Tloc      14%        3d8       16%         2
 Manifold Assault         Tloc           7%         N/A       69%         4
 Storm Form               Tmut/Air       3%         N/A       100%        7


Dungeon Overview and Level Annotations

Branches:
Dungeon (9/15)             Temple (1/1) D:6           Sewer (visited)
   Lair: D:8-11         Orc: D:9-12

Altars:
Ashenzari
Cheibriados
Dithmenos
Fedhas
Gozag
Kikubaaqudgha
Makhleb
Nemelex Xobeh
Okawaru
Qazlal
Ru
Sif Muna
Trog
Uskayaw
Vehumet
Wu Jian
Xom
Yredelemnul

Annotations:
D:9 Amaemon


Innate Abilities, Weirdness & Mutations

You have a pair of large horns on your head.
You may rarely emit foul miasma when damaged in melee.
When hurt, damage is shared between your health and your magic reserves.
You regenerate magic rapidly.


Message History

The plant begins to die.
The plant is lightly damaged.
The fiery explosion engulfs the plant!!!
The plant is severely damaged.
The scorpion explodes!
The fiery explosion engulfs the troll!!
Flame seeps out of the troll.
The troll is severely wounded.
You hear an explosion!
The fiery explosion engulfs the troll!!!
You feel a bit more experienced.
The troll explodes!
The fiery explosion engulfs the plant!!
The plant is almost destroyed.
* * * LOW HITPOINT WARNING * * *
You feel very sick.
The fungus is engulfed in blazing flames. x2
The plant is engulfed in blazing flames. x2
A nearby plant withers and dies.
The orc seems to regain its courage.
Amaemon is engulfed in poison gas.
Amaemon is poisoned.
Flame seeps out of Amaemon.
Your Fighting skill increases to level 5!
Hit: o) +4 quarterstaff of the Esoteric Planets {chaos, Melee, Bglg} (curse)
Press: ? - help, Dir - move target, f - plant
Aim: a plant (moderately damaged, withering away, about 2% to evade the cursed +4 quarterstaff of the Esoteric Planets)
Okay, then.
Your magical effects are unravelling.
You feel magically purged.
You feel less wooden.
The cursed +2 cloak "Gaze Upon Infinity" {Range, Melee} unmelds from your body.
The cursed +0 robe "Vision of Ashenzari" {Comp, Cun} unmelds from your body.
You feel yourself slow down.
You flicker back into view.
You feel a little less clever now.
* * * LOW HITPOINT WARNING * * *
You feel very sick.
The fungus is engulfed in blazing flames. x2
The plant is engulfed in blazing flames.
You are engulfed in poison gas.
You are more poisoned.
* * * LOW HITPOINT WARNING * * *
You die...

, * * , * , *
##+######## ,,, **
#○§☼§§☼§§○.# , ,,
* #☼☼§§☼§§§☼.+ ,
,,,, .
###§§§§§☼§§§>#* ,
, ,
.§##§○P§☼§§§§○☼.#
, , * ,
.§☼○PPP§.P☼§§○§.#
,, *
.☼§§§§☼§PP6§☼§§.#
, , ,
.§§○P§§@§☼§☼§☼§.#
* , , ,
P§☼§§§§P§Z°P§§§$#
* ,, *
?☼P§§#+##§§§..###
* , **, .§§§.
{∆#§§§§§# ,, .○P.P
#s§§s§☼# * ,
.P...####h○§§§§#*
,* ,
..P....sz...o...,
**
,.P......hh..P....
,,
.......Z)...P....#
*


You could see Amaemon (inner flame, poisoned), a scorpion (summoned), an orc and
a yak zombie (inner flame).

Vanquished Creatures
  A two-headed ogre (D:8)
  A troll (D:9)
  Prince Ribbit (D:8)
  A yak (D:9)
  A steam dragon (D:8)
  Menkaure (D:4)
  Duvessa (D:6)
  2 orc warriors (D:7)
  3 ice beasts
  2 black bears
  A centaur (D:8)
  The ghost of safid the Chiller, an amateur MfIE (D:3)
  4 kobold brigands
  Blork the orc (D:4)
  A bullfrog (D:7)
  A necrophage (D:3)
  A water moccasin zombie (D:3)
  5 scorpions
  7 wights
  Dowan (D:6)
  6 killer bees (D:7)
  A howler monkey (D:9)
  4 hounds
  A jelly (D:7)
  A centaur skeleton (D:3)
  4 orc priests
  Crazy Yiuf (D:2)
  A bullfrog skeleton (D:3)
  A sleepcap (D:7)
  Jessica (D:2)
  2 iguanas
  2 orc wizards
  A killer bee zombie (D:3)
  4 gnolls (D:4)
  A river rat (Sewer)
  11 adders
  3 white imps
  An ufetubus (D:5)
  3 worms
  2 dart slugs (D:3)
  23 orcs
  8 endoplasms
  A giant cockroach (D:5)
  5 goblins
  5 hobgoblins
  6 jackals
  4 quokkas
  11 ball pythons
  5 bats
  2 frilled lizards
  14 kobolds
  6 rats
178 creatures vanquished.

Vanquished Creatures (collateral kills)
  A river rat (D:5)
  An adder (D:4)
  A jackal (D:5)
  A ball python (D:1)
  A kobold (Sewer)
  A rat (D:5)
6 creatures vanquished.

Vanquished Creatures (others)
  A two-headed ogre zombie (D:8)
  A black bear zombie (D:9)
  A hound (D:5)
  A scorpion zombie (D:9)
  An elf zombie (D:6)
  An iguana zombie (D:6)
  7 orc zombies
  A ball python zombie (Sewer)
  A goblin zombie (D:4)
  7 kobold zombies
22 creatures vanquished.

Grand Total: 206 creatures vanquished

Notes
Turn   | Place    | Note
-------+----------+-------------------------------------------
     0 | D:1      | Danienth the Demonspawn Necromancer began the quest for the
                  | Orb.
     0 | D:1      | Reached XP level 1. HP: 13/13 MP: 3/3
    61 | D:1      | Found a faded altar of an unknown god.
    66 | D:1      | Prayed at the altar of an unknown god.
    66 | D:1      | Became a worshipper of Ashenzari the Shackled
   457 | D:1      | Gained mutation: You have a pair of small horns on your
                  | head. [demonic ancestry]
   457 | D:1      | Reached XP level 2. HP: 17/20 MP: 1/5
  1168 | D:2      | Reached * piety under Ashenzari
  1180 | D:2      | Found a runed translucent door.
  1181 | D:2      | Noticed Crazy Yiuf
  1464 | D:2      | Noticed Jessica
  1469 | D:2      | Killed Jessica
  1470 | D:2      | Reached skill level 1 in Fighting
  1470 | D:2      | Reached XP level 3. HP: 23/26 MP: 4/6
  1602 | D:2      | Reached ** piety under Ashenzari
  1688 | D:2      | Learned a level 3 spell: Vampiric Draining
  2068 | D:2      | Killed Crazy Yiuf
  2069 | D:2      | Gained mutation: You regenerate magic rapidly. [demonic
                  | ancestry]
  2069 | D:2      | Reached XP level 4. HP: 19/32 MP: 4/8
  2230 | D:3      | Reached skill level 3 in Spellcasting
  2249 | D:3      | Learned a level 4 spell: Animate Dead
  2394 | D:3      | Found a transporter.
  2397 | D:3      | Noticed a necrophage
  2397 | D:3      | Noticed safid's ghost (amateur MfIE)
  2402 | D:3      | Found a transporter.
  2494 | D:3      | Reached skill level 1 in Staves
  2803 | D:3      | Reached skill level 1 in Armour
  3005 | D:4      | Gained mutation: When hurt, damage is shared between your
                  | health and your magic reserves. [demonic ancestry]
  3005 | D:4      | Reached XP level 5. HP: 13/37 MP: 1/9
  3546 | D:4      | Noticed Menkaure
  3566 | D:4      | Killed Menkaure
  3567 | D:4      | Reached skill level 5 in Necromancy
  3567 | D:4      | Reached skill level 1 in Evocations
  3567 | D:4      | Reached XP level 6. HP: 23/43 MP: 7/11
  3933 | D:4      | Identified a scroll of acquirement
  4202 | D:4      | Reached skill level 4 in Spellcasting
  4209 | D:4      | Reached XP level 7. HP: 23/50 MP: 0/13
  4562 | D:4      | Noticed Blork the orc
  4571 | D:4      | Killed Blork the orc
  4574 | D:4      | Acquired an amulet of reflection
  5079 | D:5      | Entered Level 5 of the Dungeon
  5104 | D:5      | Reached *** piety under Ashenzari
  5198 | D:5      | Found a glowing drain.
  5219 | Sewer    | Entered a sewer
  5527 | Sewer    | Gained mutation: You have a pair of horns on your head.
                  | [demonic ancestry]
  5527 | Sewer    | Reached XP level 8. HP: 49/57 MP: 4/15
  6144 | D:5      | Found a bloodstained altar of Trog.
  6145 | D:5      | Found a snail-covered altar of Cheibriados.
  6146 | D:5      | Found a sparkling altar of Nemelex Xobeh.
  6146 | D:5      | Found a broken altar of Ashenzari.
  6149 | D:5      | Found an ancient bone altar of Kikubaaqudgha.
  6150 | D:5      | Found a stormy altar of Qazlal.
  6382 | D:3      | Reached skill level 1 in Shields
  6386 | D:3      | Killed safid's ghost
  6694 | D:6      | Noticed Dowan
  6697 | D:6      | Noticed Duvessa
  6713 | D:6      | Killed Duvessa
  6714 | D:6      | Reached skill level 1 in Throwing
  6714 | D:6      | Reached skill level 5 in Spellcasting
  6724 | D:6      | Your ally Duvessa died
  6727 | D:6      | Killed Dowan
  6954 | D:6      | Found a staircase to the Ecumenical Temple.
  6978 | D:6      | Reached **** piety under Ashenzari
  7089 | D:6      | Found a sacrificial altar of Ru.
  7367 | Temple   | Entered the Ecumenical Temple
  7511 | D:7      | Gained mutation: You may rarely emit foul miasma when
                  | damaged in melee. [demonic ancestry]
  7511 | D:7      | Reached XP level 9. HP: 64/64 MP: 17/17
  8713 | D:7      | Found a shimmering altar of Xom.
  8713 | D:7      | Found a basalt altar of Yredelemnul.
  9122 | D:8      | Reached skill level 6 in Spellcasting
  9362 | D:8      | Noticed a two-headed ogre
  9389 | D:8      | Killed a two-headed ogre
  9390 | D:8      | Reached skill level 5 in Staves
  9390 | D:8      | Reached skill level 7 in Spellcasting
  9674 | D:8      | Noticed Prince Ribbit
  9693 | D:8      | Killed Prince Ribbit
  9919 | D:8      | Gained mutation: You have a pair of large horns on your
                  | head. [demonic ancestry]
  9919 | D:8      | Reached XP level 10. HP: 48/73 MP: 5/20
 10238 | D:9      | Noticed an orange demon
 10240 | D:9      | Noticed Amaemon
 10276 | D:9      | Reached skill level 5 in Fighting
 10276 | D:9      | Identified the cursed +2 cloak "Gaze Upon Infinity" {Range,
                  | Melee} (You took it off Crazy Yiuf on level 2 of the
                  | Dungeon)
 10276 | D:9      | Identified the cursed +0 robe "Vision of Ashenzari" {Comp,
                  | Cun}
 10277 | D:9      | Succumbed to their own poison gas

Illustrated notes

Levels and vault maps discovered:
D:1:      dpeg_arrival_signposts, layout_loops_ring,
          ebering_ecumenical_altar_box
D:2:      layout_basic, corexii_leaking_fountain, grunt_decor_arrowhead,
          uniq_crazy_yiuf_cottage, uniq_jessica
D:3:      layout_loops_corners, gammafunk_ghost_mausoleum
D:4:      old_forge, layout_loops_corners, lemuel_tele_altar,
          uniq_blork_the_orc, uniq_menkaure
D:5:      layout_cave_pools, grunt_temple_overflow_open, portal_sewer_entry_b
D:6:      minmay_klotski, layout_loops_ring, lemuel_coloured_pillars_altar,
          minmay_temple_entry_overgrown, uniq_duvessa, uniq_grinder
D:7:      layout_basic, gammafunk_temple_overflow_elements
D:8:      layout_loops_ring, uniq_prince_ribbit1
D:9:      layout_roguey, grunt_lair_entry_orc_guard_hut, nicolae_rejected_hall,
          uniq_harold, uniq_amaemon
Temple:   hellmonk_temple_micro_hex

Skill      XL: |  1  2  3  4  5  6  7  8  9 10 |
---------------+-------------------------------+-----
Fighting       | 1 2 3 4 5 |  5.1
Dodging        | 2 3 4 |  4.9
Stealth        | 2 3 4 |  4.5
Spellcasting   | 3 4 5 7 |  7.6
Staves         | 1 2 4 5 |  5.9
Armour         | 1 2 3 |  3.0
Necromancy     | 5 6 |  6.2
Evocations     | 1 2 3 |  3.0
Shields        | 1 |  1.1
Throwing       | 1 |  1.5

Action                     |  1- 3 |  4- 6 |  7- 9 | 10-12 || total
---------------------------+-------+-------+-------+-------++-------
  Melee: Staff             |    12 |       |       |       ||    12
         Headbutt          |     2 |     4 |    50 |     8 ||    64
         Punch             |     1 |       |       |       ||     1
         Quarterstaff      |       |    21 |   290 |    22 ||   333
  Throw: Boomerang         |       |     2 |    20 |       ||    22
   Cast: Necrotise         |    41 |    79 |    50 |     3 ||   173
         Vampiric Draining |       |     2 |    17 |       ||    19
         Animate Dead      |       |     2 |    12 |     1 ||    15
 Invoke: Curse Item        |     4 |     1 |     3 |       ||     8
         Shatter the Chain |       |     1 |     1 |       ||     2
    Use: Potion            |     2 |     2 |     8 |    11 ||    23
         Scroll            |       |     3 |     1 |     5 ||     9
   Stab: Confused          |       |     2 |     1 |       ||     3
         Sleeping          |       |     1 |     9 |       ||    10
         Distracted        |       |       |     1 |       ||     1
         Petrifying        |       |       |     1 |       ||     1
 Armour: Robe              |     3 |     4 |    31 |     7 ||    45
  Dodge: Dodged            |    18 |    74 |   303 |    30 ||   425
  Block: Other             |       |       |    61 |     8 ||    69
